Map: Frost LE

Players

Evenfin - Winner!

  • Race: Zerg Zerg
  • League: Diamond

blackxored

  • Race: Zerg Zerg
  • League: Platinum

VOD

Have the link to the VOD?

Description

Time

  • Played on: June 29, 2016, 1:36 p.m.
  • Length: 10:42
Show
View Real Time Build Order
Export as new Build Order

Evenfin Zerg - Winner!

Build Orders: Pool First 

Get SALT Encoding   

  12  0:01  Drone  
  13  0:12  Overlord  
  13  0:17  Drone  
  14  0:31  Drone x2  
  14  0:33  Extractor  
  14  0:35  Drone  
  16  0:50  Spawning Pool  
  15  0:57  Drone x2  
  17  1:07  Drone  
  18  1:30  Hatchery  
  17  1:36  Metabolic Boost  
  17  1:42  Drone  
  17  1:46  Zergling x2  
  19  1:51  Zergling x2  
  20  1:54  Zergling x2  
  21  2:03  Overlord  
  21  2:09  Spine Crawler  
  21  2:14  Zergling x2  
  21  2:20  Baneling Nest  
  20  2:25  Zergling x2  
  22  2:33  Queen  
  22  2:37  Zergling x2  
  24  2:43  Zergling x2  
  25  2:46  Queen  
  25  2:48  Zergling x2  
  28  3:01  Zergling x4  
  30  3:19  Baneling x4  
  30  3:22  Zergling x4  
  30  3:23  Zergling x4  
  30  3:26  Drone  
  35  3:29  Drone  
  36  3:37  Overlord  
  33  3:48  Drone x2  
  32  3:58  Baneling x2  
  32  4:02  Drone x4  
  34  4:27  Drone x3  
  34  4:28  Overlord  
  31  4:39  Overlord  
  31  4:48  Roach Warren  
  31  4:49  Evolution Chamber  
  31  4:50  Drone x3  
  31  4:51  Drone, Evolution Chamber  
  32  4:54  Extractor  
  31  5:01  Zergling x2  
  31  5:02  Zergling x8  
  37  5:19  Lair  
  37  5:21  Hatchery  
  36  5:25  Zerg Ground Armor Level 1  
  36  5:42  Drone  
  37  5:43  Drone x6  
  41  6:06  Drone x3  
  41  6:07  Drone x2  
  45  6:20  Zergling x14  
  52  6:29  Extractor, Spire  
  52  6:30  Extractor  
  49  6:33  Zergling x10  
  49  6:39  Baneling x2  
  54  6:50  Baneling  
  50  7:07  Drone x4  
  50  7:08  Overlord x3  
  49  7:45  Mutalisk x5  
  49  7:47  Hatchery  
  58  7:51  Hatchery  
  57  8:00  Mutalisk  
  56  8:14  Zergling x2  
  56  8:15  Zergling x16  
  63  8:30  Mutalisk x4  
  71  8:39  Drone  
  71  8:40  Drone  
  73  9:01  Zergling x18  
  71  9:14  Zergling x8  
  75  9:17  Queen  
  75  9:23  Mutalisk x3  
  75  9:24  Mutalisk x2  
  81  9:30  Overlord x3  
  86  9:41  Extractor x2  
  82  9:48  Zergling x2  
  82  9:49  Zergling x10  
  88  9:54  Mutalisk x2  
  92  10:07  Drone  
  92  10:08  Drone x3  
  92  10:11  Drone  
  92  10:12  Drone x2  
Show
View Real Time Build Order
Export as new Build Order

blackxored Zerg 

Build Orders: Hatch First, Zergling Baneling 

Get SALT Encoding   

  12  0:02  Drone  
  13  0:09  Drone  
  14  0:17  Overlord  
  14  0:23  Extractor  
  14  0:24  Drone  
  15  0:36  Drone x2  
  17  0:54  Hatchery  
  16  0:57  Drone  
  16  0:59  Drone  
  18  1:12  Extractor  
  18  1:15  Spawning Pool  
  18  1:17  Drone  
  17  1:20  Drone  
  18  1:28  Drone  
  19  1:39  Overlord  
  19  1:49  Drone  
  20  2:01  Queen  
  20  2:02  Zergling x2  
  20  2:06  Zergling x2, Queen  
  26  2:09  Spine Crawler  
  26  2:14  Metabolic Boost  
  25  2:18  Zergling x2  
  25  2:22  Zergling x4  
  28  2:42  Drone  
  28  2:43  Drone  
  30  2:45  Zergling x4  
  32  2:53  Baneling Nest  
  31  3:07  Hatchery  
  31  3:09  Zergling x4  
  31  3:20  Queen x2  
  35  3:29  Drone  
  35  3:32  Overlord x2  
  36  3:44  Baneling  
  36  3:45  Baneling  
  34  3:49  Zergling x4  
  35  4:00  Hatchery  
  34  4:06  Drone x2  
  35  4:12  Baneling x2  
  35  4:13  Baneling x2  
  32  4:26  Zergling x2  
  32  4:27  Zergling x8  
  33  4:35  Zergling x6  
  31  4:53  Baneling x3  
  31  4:54  Baneling x2  
  31  4:56  Drone x2  
  31  4:57  Drone x2  
  31  4:58  Drone  
  36  5:02  Drone  
  37  5:15  Drone  
  37  5:16  Drone x3  
  41  5:26  Drone  
  41  5:27  Drone x4  
  46  5:30  Drone  
  47  5:37  Lair  
  47  5:39  Baneling  
  47  5:49  Zergling x6  
  50  5:50  Zergling x6  
  52  5:58  Zergling x8  
  54  6:24  Zergling x12  
  57  6:28  Extractor  
  57  6:29  Extractor, Drone x2  
  57  6:30  Extractor  
  57  6:31  Overlord  
  56  6:42  Baneling  
  56  6:43  Baneling x4  
  50  7:10  Drone x2  
  50  7:11  Spire, Drone x3  
  50  7:12  Drone x3  
  50  7:15  Queen  
  58  7:20  Overlord x2  
  56  7:30  Drone  
  56  7:31  Drone x5  
  56  7:33  Baneling  
  56  7:34  Baneling x2  
  62  7:43  Drone x3  
  65  7:47  Drone  
  65  7:50  Overseer  
  65  7:58  Queen  
  63  8:10  Zergling x14  
  69  8:16  Drone x4  
  69  8:17  Drone x3  
  76  8:22  Extractor  
  75  8:28  Zerg Flyer Armor Level 1  
  75  8:29  Overlord x3  
  75  8:32  Spore Crawler  
  74  8:35  Overlord  
  74  8:43  Spore Crawler  
  74  8:44  Spore Crawler  
  74  8:45  Overlord  
  74  8:46  Overlord x2  
  74  8:47  Queen  
  73  8:56  Zergling x6  
  62  9:07  Zergling x2  
  62  9:08  Zergling x6  
  59  9:13  Zergling x4  
  61  9:17  Queen x2  
  61  9:18  Mutalisk  
  61  9:22  Queen  
  69  9:25  Mutalisk  
  69  9:26  Mutalisk  
  69  9:28  Mutalisk  
  75  9:43  Mutalisk x4  
  74  9:48  Hatchery  
  74  9:49  Mutalisk  
  75  9:53  Drone x2  
  75  9:58  Extractor, Drone  
  77  10:03  Drone  
  77  10:04  Drone x3  
  81  10:11  Mutalisk x2  
  85  10:17  Drone  
Tags
 
Add a new tag
Caveats
  • Supply blocks, unpowered buildings, or Contaminate may cause inaccurate times.
  • Supply counts are checked every 10 seconds.